 Dungeon Crawl Stone Soup version 0.25-a0-730-g633e9c3 (webtiles) character file.

Game seed: 5946643593844067346, levelgen mode: deterministic

2628 BlueFish the Thaumaturge (level 9, -3/65 HPs)
             Began as a Mummy Wizard on Apr 8, 2020.
             Engulfed by a steam dragon's steam (12 damage)
             ... on level 7 of the Dungeon.
             The game lasted 00:34:40 (10838 turns).

BlueFish the Thaumaturge (Mummy Wizard)            Turns: 10838, Time: 00:34:41

Health: -3/65      AC:  7    Str: 10    XL:     9   Next: 35%
Magic:  10/21      EV: 13    Int: 20    God:
Gold:   114        SH:  0    Dex: 11    Spells: 10/25 levels left

rFire    x . .     SeeInvis .   r - +2 spear (flame)
rCold    + . .     Gourm    .   (no shield)
rNeg     + + +     Faith    .   a - +0 robe
rPois    ∞         Spirit   .   b - +1 hat
rElec    .         Reflect  .   l - +2 cloak
rCorr    .         Harm     .   k - +0 pair of gloves
MR       +....                  (no boots)
Stlth    ++........             c - amulet of the acrobat
HPRegen  0.20/turn              (no ring)
MPRegen  0.17/turn              (no ring)

@: very slightly contaminated
A: no food or potions, fire vulnerability, cold resistance 1, negative energy
resistance 3, torment resistance, unbreathing
a: no special abilities


You were on level 7 of the Dungeon.
You were not hungry.

You visited 2 branches of the dungeon, and saw 8 of its levels.

You collected 414 gold pieces.
You spent 300 gold pieces at shops.

Inventory:

Hand Weapons
 d - a +0 scythe
 g - a cursed +2 vampiric halberd
 j - a +0 trident
 r - a +2 spear of flaming (weapon)
Armour
 a - a +0 robe (worn)
 b - a +1 hat (worn)
 k - a +0 pair of gloves (worn)
 l - a +2 cloak (worn)
Jewellery
 c - an amulet of the acrobat (around neck)
Wands
 e - a wand of flame (6)
 m - a wand of polymorph (5)
 p - a wand of digging (6)
Scrolls
 f - 6 scrolls of teleportation
 h - a scroll of blinking
 i - 3 scrolls of magic mapping
 n - 7 scrolls of remove curse
 o - a scroll of enchant armour
 q - a scroll of fear
 s - a scroll of fog
 t - a scroll of enchant weapon {unknown}
 u - 2 scrolls of amnesia {unknown}


   Skills:
 * Level 4.2 Fighting
   Level 0.5 Maces & Flails
 * Level 3.4 Polearms
 * Level 4.1 Dodging
 * Level 4.0 Stealth
 + Level 8.8 Spellcasting
 + Level 1.7 Conjurations
 + Level 3.3 Summonings
 + Level 0.7 Translocations
 + Level 0.1 Air Magic
 + Level 0.8 Poison Magic
 * Level 3.0 Evocations


You had 10 spell levels left.
You knew the following spells:

 Your Spells              Type           Power        Failure   Level  Hunger
a - Magic Dart            Conj           ###.         3%          1    N/A
b - Blink                 Tloc           N/A          9%          2    N/A
c - Call Imp              Summ           ###.....     3%          2    N/A
d - Slow                  Hex            #.......     12%         2    N/A
e - Mephitic Cloud        Conj/Pois/Air  ##......     16%         3    N/A
f - Searing Ray           Conj           ###...       6%          2    N/A
g - Dazzling Flash        Conj/Hex       ##....       16%         3    N/A

Your spell library contained the following spells:

 Spells                   Type           Power        Failure   Level  Hunger
 Conjure Flame            Conj/Fire      ##......     16%         3    N/A
 Gell's Gravitas          Tloc           ##........   17%         3    N/A
 Confusing Touch          Hex            #.......     24%         3    N/A
 Iskenderun's Mystic Bla  Conj/Tloc      ##......     43%         4    N/A
 Fulminant Prism          Conj/Hex       ##........   47%         4    N/A
 Petrify                  Tmut/Erth      #.......     61%         4    N/A
 Metabolic Englaciation   Hex/Ice        #.........   91%         5    N/A
 Yara's Violent Unravell  Hex/Tmut       #.........   91%         5    N/A

Dungeon Overview and Level Annotations

Branches:
Dungeon (7/15)             Temple (1/1) D:6

Altars:
Ashenzari
Elyvilon
Gozag
Hepliaklqana
Makhleb
Nemelex Xobeh
Okawaru
Ru
Sif Muna
Trog
Vehumet
Xom
Yredelemnul
The Shining One

Shops:
D:4 [   D:6 *}   D:7 :


Innate Abilities, Weirdness & Mutations

You do not eat or drink.
Your flesh is vulnerable to fire.
You are immune to poison.
Your flesh is cold resistant. (rC+)
You are immune to negative energy. (rN+++)
You are immune to unholy pain and torment.
You can survive without breathing.


Message History

You are engulfed in a cloud of scalding steam.
The steam dragon completely misses you. The steam dragon misses you.
Casting: Searing Ray (safe; 6% risk of failure)
Confirm with . or Enter, or press ? or * to list all spells.
Aiming: Mephitic Cloud (safe; 16% risk of failure)
Press: ? - help, Shift-Dir - straight line You miscast Mephitic Cloud.
You are very lightly contaminated with residual magic.
Wisps of vapour drift from your hands.
You are engulfed in a cloud of scalding steam.
* * * LOW HITPOINT WARNING * * *
The steam dragon barely misses you. The steam dragon closely misses you.
Casting: Mephitic Cloud (safe; 16% risk of failure)
Confirm with . or Enter, or press ? or * to list all spells.
Aiming: Mephitic Cloud (safe; 16% risk of failure)
Press: ? - help, Shift-Dir - straight line, f - steam dragon
Aim: a steam dragon (heavily wounded)
You miscast Mephitic Cloud.
Nothing appears to happen.
You are engulfed in a cloud of scalding steam.
You die...

..# ###......#......#.#
..# #.####.#####..#.#
..# #.#...........#.#
### #.#..........<..#
#.#...######.#####
#.#...#..........#
#.#.###.####.###.#
#.#.###.#..D...#.#
#.#.......@#.#.#.#
#.......####§#.#.#
#########≈P§.#.#.#
########.≈≈≈P≈PP^.§#.#.#
.≈§.PP...[.........#.#.#
D§§.....^^≈.^.PDP..#.#.#
.P§§≈#######≈≈.≈≈..#.#5#
######.....###P≈...#...#
#..'.......#####.#####


You could see a steam dragon.

Vanquished Creatures
  Grinder (D:4)
  Menkaure (D:4)
  Edmund (D:4)
  A water moccasin (D:6)
  3 ogres
  A sky beast (D:5)
  A bullfrog (D:6)
  Blork the orc (D:4)
  A jelly (D:6)
  2 scorpions (D:4)
  4 wights (D:6)
  A howler monkey (D:6)
  A quasit (D:6)
  3 hounds
  A bullfrog skeleton (D:5)
  A gnoll shaman (D:5)
  An orc wizard (D:3)
  5 worker ants
  Ijyb (D:5)
  A hound zombie (D:5)
  2 hound skeletons
  A howler monkey zombie (D:5)
  22 gnolls (D:5)
  3 adders
  A shadow imp (D:5)
  An adder skeleton (D:4)
  An adder zombie (D:5)
  3 worms
  A dart slug (D:3)
  4 leopard geckos
  10 orcs
  3 ball pythons
  A giant cockroach (D:4)
  3 goblins
  3 hobgoblins
  9 jackals
  2 quokkas
  6 bats
  3 frilled lizards
  A jackal skeleton (D:5)
  5 kobolds
  3 quokka zombies
  6 rats
126 creatures vanquished.

Vanquished Creatures (collateral kills)
  Prince Ribbit (D:6)
  Sigmund (D:2)
  An ice beast (D:7)
  A phantom (D:4)
  A black bear (D:7)
  3 ogres
  A bullfrog (D:6)
  A gnoll sergeant (D:5)
  A wight (D:5)
  Crazy Yiuf (D:3)
  2 orc wizards (D:4)
  A bullfrog skeleton (D:6)
  An iguana (D:5)
  Jessica (D:2)
  Natasha (thrice) (D:1)
  A worker ant (D:4)
  13 gnolls (D:5)
  5 adders
  An ooze (D:5)
  3 worms
  A leopard gecko (D:4)
  2 orcs
  A goblin (D:2)
  A hobgoblin (D:3)
  10 jackals
  A kobold (D:3)
  A bat (D:3)
  A rat (D:2)
61 creatures vanquished.

Vanquished Creatures (others)
  2 fungi (D:7)
2 creatures vanquished.

Grand Total: 189 creatures vanquished

Notes
Turn   | Place    | Note
-------+----------+-------------------------------------------
     0 | D:1      | BlueFish the Mummy Wizard began the quest for the Orb.
     0 | D:1      | Reached XP level 1. HP: 13/13 MP: 5/5
   394 | D:1      | Reached XP level 2. HP: 19/19 MP: 1/7
   398 | D:1      | Learned a level 2 spell: Blink
   401 | D:1      | Learned a level 2 spell: Call Imp
   404 | D:1      | Learned a level 2 spell: Slow
   834 | D:2      | Noticed Natasha
   850 | D:1      | Killed Natasha
   886 | D:1      | Noticed Natasha
   890 | D:1      | Killed Natasha
   890 | D:1      | Reached skill level 5 in Spellcasting
   890 | D:1      | Reached XP level 3. HP: 14/25 MP: 0/9
   895 | D:1      | Learned a level 3 spell: Mephitic Cloud
  1093 | D:1      | Noticed Natasha
  1107 | D:1      | Killed Natasha
  1496 | D:2      | Noticed Sigmund
  1612 | D:2      | Reached skill level 1 in Summonings
  1767 | D:2      | Reached XP level 4. HP: 31/31 MP: 6/11
  2055 | D:2      | Killed Sigmund
  2055 | D:2      | Reached skill level 1 in Fighting
  2055 | D:2      | Reached skill level 1 in Conjurations
  2055 | D:2      | Reached XP level 5. HP: 37/37 MP: 3/13
  2441 | D:2      | Found a sparkling altar of Nemelex Xobeh.
  2441 | D:2      | Noticed Jessica
  2448 | D:2      | Killed Jessica
  3655 | D:3      | Found a runed translucent door.
  3656 | D:3      | Noticed Crazy Yiuf
  3670 | D:3      | Killed Crazy Yiuf
  3670 | D:3      | Reached skill level 6 in Spellcasting
  3670 | D:3      | Reached XP level 6. HP: 43/43 MP: 10/15
  4138 | D:4      | Reached skill level 1 in Polearms
  4623 | D:4      | Reached XP level 7. HP: 49/51 MP: 8/16
  4735 | D:4      | Noticed Edmund
  4756 | D:4      | Killed Edmund
  4854 | D:4      | Found Dytyci's Antique Armour Shoppe.
  4883 | D:4      | Noticed Grinder
  4884 | D:4      | Noticed Blork the orc
  4931 | D:4      | Killed Blork the orc
  4931 | D:4      | Reached skill level 7 in Spellcasting
  4950 | D:4      | Killed Grinder
  5487 | D:4      | Found a sacrificial altar of Ru.
  5523 | D:4      | Noticed Menkaure
  5538 | D:4      | Killed Menkaure
  5538 | D:4      | Reached XP level 8. HP: 32/57 MP: 10/19
  5811 | D:5      | Entered Level 5 of the Dungeon
  5937 | D:5      | Reached skill level 1 in Evocations
  6136 | D:5      | Noticed Ijyb
  6151 | D:5      | Killed Ijyb
  6898 | D:5      | Reached skill level 8 in Spellcasting
  8518 | D:6      | Found a staircase to the Ecumenical Temple.
  8537 | Temple   | Entered the Ecumenical Temple
  8684 | D:6      | Found Liohegoe's Serpentskin Sales.
  8910 | D:6      | Reached XP level 9. HP: 32/65 MP: 0/21
  9630 | D:6      | Found Girghil's Gadget Boutique.
  9744 | D:6      | Noticed Prince Ribbit
 10020 | D:6      | Killed Prince Ribbit
 10414 | D:7      | Found an opulent altar of Gozag.
 10616 | D:7      | Found Gonemmot's Book Emporium.
 10674 | D:7      | Bought a book of Conjurations for 300 gold pieces
 10679 | D:7      | Learned a level 2 spell: Searing Ray
 10683 | D:7      | Learned a level 3 spell: Dazzling Flash
 10838 | D:7      | Engulfed by a steam dragon's steam

Levels and vault maps discovered:
D:1:      lordsloth_arrival_two_stooges, layout_loops_ring,
          minmay_misc_feat_plants, fountainhead
D:2:      layout_rooms, nemelex_lonely_heart_becter, uniq_natasha, uniq_sigmund
D:3:      layout_rooms, mrwooster_statue_mirror, nrook_mini_backslash,
          uniq_crazy_yiuf_cottage
D:4:      layout_basic, lemuel_doored_altar, first_ration, serial_shops, shop,
          hangedman_abyss_or_decor_slice, st_stairs_11, uniq_grinder,
          uniq_blork_the_orc, uniq_edmund, uniq_menkaure
D:5:      lemuel_castle_with_subvaults [lemuel_castle_interior_carwin_3],
          layout_basic, kennysheep_small_square, uniq_ijyb
D:6:      layout_gridville, minmay_temple_entry_drinking_statues, serial_shops,
          shop_fountains, guppyfry_shop_venom, uniq_prince_ribbit1
D:7:      kennysheep_steamy, layout_basic, grunt_gozag_breadcrumbs,
          serial_shops, shop
Temple:   jpeg_temple_clearing

Skill      XL: |  1  2  3  4  5  6  7  8  9 |
---------------+----------------------------+-----
Spellcasting   | 5 6 7 8 |  8.8
Summonings     | 1 2 3 |  3.3
Dodging        | 2 3 4 |  4.1
Stealth        | 2 3 4 |  4.0
Fighting       | 1 2 3 4 |  4.2
Conjurations   | 1 |  1.7
Polearms       | 1 2 3 |  3.4
Evocations     | 2 3 |  3.0
Maces & Flails | |  0.5
Translocations | |  0.7
Air Magic      | |  0.1
Poison Magic   | |  0.8

Action                   |  1- 3 |  4- 6 |  7- 9 || total
-------------------------+-------+-------+-------++-------
Melee: Whip              |    18 |     5 |       ||    23
       Scythe            |       |    47 |       ||    47
       Trident           |       |    69 |   166 ||   235
       Spear             |       |       |   146 ||   146
 Cast: Magic Dart        |    31 |    69 |    85 ||   185
       Call Imp          |    18 |    41 |   151 ||   210
       Mephitic Cloud    |       |     9 |     7 ||    16
       Searing Ray       |       |       |     1 ||     1
  Use: Scroll            |     3 |     3 |     3 ||     9
 Stab: Sleeping          |     2 |     3 |     5 ||    10
       Confused          |       |     4 |     6 ||    10
       Distracted        |       |     1 |     6 ||     7
Armor: Robe              |     3 |    17 |    50 ||    70
Dodge: Dodged            |    29 |    63 |   148 ||   240

Table legend:
 A = Non-vault XP
 B = Vault XP
 C = Vault XP percentage of total XP
 D = Non-vault monster count
 E = Vault monster count
 F = Vault count percentage of total count
                 A         B        C        D         E       F
            +---------+---------+-------+---------+---------+-------
      Total |    2190 |    1565 |  41.7 |     123 |      64 |  34.2
            +---------+---------+-------+---------+---------+-------
        D:1 |      57 |      18 |  24.0 |      14 |       1 |   6.7
        D:2 |      68 |     151 |  68.9 |      20 |       2 |   9.1
        D:3 |      98 |      22 |  18.3 |      21 |       1 |   4.5
        D:4 |     640 |     492 |  43.5 |      28 |       4 |  12.5
        D:5 |     335 |     535 |  61.5 |      17 |      54 |  76.1
        D:6 |     848 |     347 |  29.0 |      19 |       2 |   9.5
        D:7 |     144 |       0 |   0.0 |       4 |       0 |   0.0
            +---------+---------+-------+---------+---------+-------
